 Dungeon Crawl Stone Soup version 0.14-a0-1876-g927fc3a (webtiles) character file.

607 Piginabag the Insei (level 7, -1/45 HPs)
             Began as an Octopode Transmuter on Jan 16, 2014.
             Slain by a gnoll
             ... wielding a +0,+0 halberd
              (10 damage)
             ... on Level 5 of the Dungeon.
             The game lasted 00:12:22 (5628 turns).

Piginabag the Insei (Octopode Transmuter)           Turns: 5628, Time: 00:12:23

HP  -1/45        AC  1     Str  9      XL: 7   Next: 19%
MP   0/15        EV  7     Int 15      God:
Gold 96          SH  0     Dex 15      Spells:  2 memorised,  9 levels left

rFire  . . .     SeeInvis .       - Unarmed
rCold  . . .     Clarity  .     (no shield)
rNeg   + . .     Conserve .     (helmet restricted)
rPois  .         rCorr    .     g - amulet of guardian spirit
rElec  .         rRot     .     q - ring of flight
SustAb . .       Spirit   +     c - ring of positive energy {unknown}
rMut   .         Warding  .     (no ring)
Saprov . . .     Stasis   .     (no ring)
MR     .....                    (no ring)
                                (no ring)
                                (no ring)
                                (no ring)

@: held, not resistant to hostile enchantments, quite stealthy
A: almost no armour, amphibious, 8 rings, constrict 8, camouflage 1, gelatinous
body 1
a: Evoke Flight


You were on level 5 of the Dungeon.
You were not hungry.

You visited 2 branches of the dungeon, and saw 6 of its levels.

You collected 96 gold pieces.

Inventory:

Hand weapons
 r - a +0 blowgun
Missiles
 b - 12 arrows
 s - 16 poisoned needles
Comestibles
 a - 4 bread rations
 f - 10 sultanas
 j - a meat ration
 p - a lychee
 v - a pear
Scrolls
 h - a scroll of immolation {unknown}
 i - a scroll of teleportation
 k - a scroll of curse armour {unknown}
 l - a scroll of blinking {unknown}
 m - a scroll of curse weapon {unknown}
 n - a scroll of enchant armour {unknown}
 o - a scroll of fog {unknown}
 u - a scroll of remove curse
Jewellery
 c - a ring of positive energy (right tentacle) {unknown}
 g - an amulet of guardian spirit (around mantle)
 q - a ring of flight (left tentacle)
 w - an uncursed amulet of the gourmand {unknown}
Potions
 e - a potion of brilliance {unknown}
 t - 2 potions of curing
Books
 d - a book of Changes

   Spells                             Type                      Level
   *Beastly Appendage                 Transmutation                1
   Sticks to Snakes                   Transmutation                2
   *Spider Form                       Transmutation/Poison         3
   Ice Form                           Ice/Transmutation            4
   Blade Hands                        Transmutation                5


   Skills:
 + Level 2.2 Fighting
 + Level 4.0 Dodging
 + Level 3.7 Stealth
 + Level 4.1 Unarmed Combat
 + Level 3.8 Spellcasting
 + Level 3.0 Transmutations
 - Level 0.2 Poison Magic


You had 9 spell levels left.
You knew the following spells:

 Your Spells              Type           Power        Failure   Level  Hunger
a - Beastly Appendage     Trmt           ##....       6%          1    None
b - Spider Form           Trmt/Pois      #.........   30%         3    ###....


Dungeon Overview and Level Annotations

Branches:
Dungeon (5/16)             Temple (1/1) D:4

Altars:
Ashenzari
Cheibriados
Kikubaaqudgha
Makhleb
Okawaru
Sif Muna
Trog
Vehumet
Xom
Yredelemnul

Annotations:
D:3 1 exclusion
D:4 Menkaure


Innate Abilities, Weirdness & Mutations

You cannot wear most types of armour.
You are amphibious.
You can wear up to eight rings at the same time.*
You can use your tentacles to constrict many enemies at once.*
Your skin changes colour to match your surroundings (Stlth).*
Your rubbery body absorbs attacks (AC +1).*


Message History

The gnoll barely misses you.
You struggle against the net.
The giant frog hits you. The gnoll hits you with a club.
The gnoll barely misses you.
You try to slip out of the net.
The giant frog hits you.
The gnoll hits you from afar with a glowing spear.
The giant frog hits you! The gnoll barely misses you.
You try to slip out of the net.
The gnoll hits you from afar with a halberd!
* * * LOW HITPOINT WARNING * * *
The giant frog hits you.
* * * LOW HITPOINT WARNING * * *
The gnoll hits you from afar with a glowing spear.
* * * LOW HITPOINT WARNING * * *
The gnoll barely misses you.
Read which item? (? for menu, Esc to quit)
As you read the scroll labeled BROGOC MEDOXKA, it crumbles to dust.
Nothing appears to happen.
The giant frog hits you.
* * * LOW HITPOINT WARNING * * *
The gnoll hits you from afar with a halberd!
You die...

. .## ..
.. .#####
.....##
##g......
#.F.......
#@g..!..#
#.s......#
.g#####..
.(.# #%#.#
#....
#..## ## .
.


You could see a giant frog, a scorpion and 3 gnolls.

Vanquished Creatures
  An ogre (D:3)
  Sigmund (D:3)
  Crazy Yiuf (D:3)
  2 worker ants (D:4)
  Ijyb (D:4)
  8 gnolls
  A giant mite (D:3)
  8 adders
  An adder skeleton (D:3)
  4 orcs
  A ball python (D:4)
  6 giant cockroaches
  15 goblins
  6 hobgoblins
  2 jackals (D:1)
  9 kobolds
  2 quokkas (D:3)
  8 bats
  6 giant geckos
  9 giant newts
  A gnoll skeleton (D:4)
  An orc skeleton (D:4)
  15 rats
  A bush (D:3)
110 creatures vanquished.

Notes
Turn   | Place    | Note
--------------------------------------------------------------
     0 | D:1      | Piginabag, the Octopode Transmuter, began the quest for the Orb.
     0 | D:1      | Reached XP level 1. HP: 13/13 MP: 3/3
    53 | D:1      | Reached XP level 2. HP: 8/18 MP: 2/4
   799 | D:1      | Reached XP level 3. HP: 15/23 MP: 6/6
  1008 | D:1      | Learned a level 3 spell: Spider Form
  1352 | D:2      | Found a basalt altar of Yredelemnul.
  1681 | D:2      | Reached skill level 1 in Stealth
  1681 | D:2      | Reached XP level 4. HP: 26/28 MP: 6/8
  2410 | D:2      | Reached XP level 5. HP: 16/34 MP: 4/11
  3104 | D:3      | Noticed Sigmund
  3120 | D:3      | Killed Sigmund
  3120 | D:3      | Reached skill level 4 in Unarmed Combat
  3120 | D:3      | Reached XP level 6. HP: 27/39 MP: 8/13
  3498 | D:3      | Noticed an ogre
  3520 | D:3      | Killed an ogre
  3682 | D:3      | Noticed a moth of wrath
  3685 | D:3      | Found a bloodstained altar of Trog.
  4141 | D:3      | Noticed Crazy Yiuf
  4150 | D:3      | Killed Crazy Yiuf
  4468 | D:4      | Found a staircase to the Ecumenical Temple.
  4471 | D:4      | Noticed Ijyb
  4488 | D:4      | Killed Ijyb
  4498 | Temple   | Entered the Ecumenical Temple
  4616 | D:4      | Noticed Menkaure
  4759 | D:4      | Found a bloodstained altar of Trog.
  4771 | D:4      | Reached XP level 7. HP: 42/45 MP: 12/15
  5619 | D:5      | Entered Level 5 of the Dungeon
  5628 | D:5      | Slain by a gnoll

Action                   |  1- 3 |  4- 6 |  7- 9 || total
-------------------------+-------+-------+-------++-------
Melee: Unarmed           |    96 |   314 |    25 ||   435
 Cast: Beastly Appendage |    15 |     6 |     1 ||    22
       Spider Form       |     1 |    13 |     1 ||    15
  Use: Potion            |     2 |       |       ||     2
       Scroll            |       |     3 |     1 ||     4
 Stab: Sleeping          |     4 |    12 |     3 ||    19
       Distracted        |       |     1 |       ||     1
